AoeStats
← ani_rud

Arena

509577986Analyzed
2v2 RM · 5d ago on Sep 27, 2026· 36m 10s· 4 players
Game mode
Random Map
Map size
Medium (4 player)
Population
200
Speed
Normal
Resources
Standard
Victory
Conquest
Starting age
Dark Age
Ending age
Imperial Age
RankedLock teamsTeams togetherTeam positionsShared explorationLock speedFull tech treeHidden civsTurbo modeCheats
Victory
Defeat
🇵🇱 Khmer · Poland
846
+17
🇵🇱 Franks · Poland
843
+18
🇦🇷 Goths · Argentina
884
-18
🇮🇳 Huns · India
870
-17
quan
9:12 Loom
12:32 Feudal Age
16:13 Castle Age
15:20 Double-Bit Axe
15:59 Gold Mining
17:09 Horse Collar
18:37 Bow Saw
18:45 Fletching
20:40 Bodkin Arrow
24:26 Wheelbarrow
24:51 Heavy Plow
25:07 Stone Mining
25:56 Gold Shaft Mining
26:26 Hand Cart
25:58 Town Watch
31:33 Imperial Age
31:01 Padded Archer Armor
31:47 Ballistics
31:25 Murder Holes
32:10 Leather Archer Armor
34:01 Hoardings
34:18 Conscription
34:19 Bracer
34:50 Ring Archer Armor
34:52 Double Crossbow
MrPyszcz
8:48 Loom
13:07 Feudal Age
15:36 Man-at-Arms
18:27 Castle Age
24:20 Murder Holes
ani_rud
12:19 Feudal Age
13:59 Double-Bit Axe
14:11 Horse Collar
16:55 Castle Age
15:12 Gold Mining
16:17 Fletching
22:02 Loom
22:07 Town Watch
22:39 Padded Archer Armor
23:16 Bloodlines
23:59 Bodkin Arrow
25:07 Bow Saw
24:53 Stone Mining
28:26 Masonry
31:46 Imperial Age
30:10 Heavy Plow
31:47 Wheelbarrow
31:25 Husbandry
33:21 Cavalier
34:30 Conscription
35:51 Two-Man Saw
35:36 Murder Holes
晚霞与她
9:37 Feudal Age
11:11 Double-Bit Axe
13:51 Horse Collar
14:38 Scale Mail Armor
20:20 Castle Age
19:28 Stone Mining
34:05 Murder Holes
35:04 Gold Mining
Connection lost

Rejoining the realm…

Still unreachable

The connection could not be restored.

Session expired

The server has moved on; the page needs a fresh start.